 Dungeon Crawl Stone Soup version 0.32-a0-28-g8eac1da (webtiles) character file.

Game seed: 4844355063257658497

185 Dorkslayer the Ruffian (level 5, -1/34 HPs)
             Began as an Octopode Shapeshifter on Jan 19, 2024.
             Slain by an iguana (2 damage)
             ... on level 3 of the Dungeon.
             The game lasted 00:04:24 (2095 turns).

Dorkslayer the Ruffian (Octopode Shapeshifter)      Turns: 2095, Time: 00:04:25

Health: -1/34      AC:  8    Str: 22    XL:     5   Next: 64%
Magic:  5/5        EV: 13    Int: 12    God:
Gold:   141        SH:  0    Dex: 11    Spells: 4/4 levels left

rFire   + . .        p - +1 flail (protect)
rCold   . . .        (no shield)
rNeg    . . .        (helmet currently unavailable)
rPois   .            (no amulet)
rElec   .            i - +6 ring of strength
rCorr   .            r - ring of protection from fire
SInv    .            (no ring)
Will    .....        (no ring)
Stlth   +++          (no ring)
HPRegen 0.25/turn    (no ring)
MPRegen 0.09/turn    (no ring)
                     (no ring)

%: no passive effects
@: beast-form, under a protective aura
A: beast (slay +1), almost no armour, amphibious, 8 rings, camouflage 1,
gelatinous body 1, (nimble swimmer 1), tentacles
a: Begin Untransformation


You were on level 3 of the Dungeon.
You were a hulking beast.
You visited 1 branch of the dungeon, and saw 3 of its levels.

You collected 141 gold pieces.

Inventory:

Hand Weapons
 p - a +1 flail of protection (weapon)
Missiles
 o - 3 boomerangs (quivered)
Jewellery
 i - a +6 ring of strength (left tentacle)
 r - a ring of protection from fire (right tentacle)
Talismans
 b - a beast talisman
 c - a flux talisman
Scrolls
 e - a scroll of immolation {unknown}
 h - a scroll of noise {unknown}
 k - a scroll of butterflies {unknown}
 m - 2 scrolls of amnesia {unknown}
 n - a scroll of enchant armour {unknown}
 s - a scroll of vulnerability {unknown}
 v - a scroll of identify
Potions
 a - a potion of lignification
 d - a potion of curing
 f - a potion of attraction {unknown}
 g - a potion of mutation
 j - a potion of brilliance {unknown}
 l - 2 potions of heal wounds
 q - 2 potions of ambrosia {unknown}
 t - a potion of enlightenment {unknown}
 u - a potion of invisibility {unknown}


   Skills:
 * Level 1.9 Fighting
 * Level 1.0 Maces & Flails
 * Level 3.1 Dodging
 + Level 1.9 Stealth
 * Level 4.6 Unarmed Combat
 + Level 3.2 Shapeshifting


You had 4 spell levels left.
You didn't know any spells.
Your spell library contained the following spells:

 Spells                   Type           Power      Damage    Failure   Level
 Hailstorm                Conj/Ice       0%         3d5       69%         3
 Summon Ice Beast         Ice/Summ       0%         N/A       69%         3
 Summon Forest            Summ/Tloc      0%         N/A       100%        5
 Eringya's Noxious Bog    Alch           0%         4d6       100%        6
 Sculpt Simulacrum        Ice/Alch       0%         N/A       100%        6
 Summon Hydra             Summ           0%         N/A       100%        7


Dungeon Overview and Level Annotations

Branches:
Dungeon (3/15)

Altars:
Trog
Xom

Shops:
D:2 =   D:3 (


Innate Abilities, Weirdness & Mutations

You are a hulking beast.
Your limbs bulge with bestial killing power. (Slay +1)
You cannot wear most types of armour.
You are amphibious.
You can wear up to eight rings at the same time.
Your skin changes colour to match your surroundings (Stealth+).
Your rubbery body absorbs attacks. (AC +1, EV +1)
((You are camouflaged when in or above water. (Stealth+)))
You have tentacles for arms and can constrict up to eight enemies at once.


Message History

You sock the orc!
Your weapon exudes an aura of protection.
You kill the orc!
Your Maces & Flails skill increases to level 1!
Things that are here:
a +0 hand axe; a +0 animal skin; an orc corpse You open the door.
There is an open door here.
A frilled lizard, a quokka and a rat come into view.
The helpless rat fails to defend itself.
You sock the rat!
Your weapon exudes an aura of protection.
You kill the rat!
The frilled lizard hisses angrily.
The quokka closely misses you.
You completely miss the quokka. You grab the quokka. You constrict the quokka.
The quokka barely misses you.
You hit the quokka.
Your weapon exudes an aura of protection.
You squeeze the quokka.
You kill the quokka!
The frilled lizard bites you but does no damage.
You miss the frilled lizard. You grab the frilled lizard.
You constrict the frilled lizard.
You kill the frilled lizard!
You see here a frilled lizard corpse.
There is an open door here.
An iguana comes into view.
Found 19 gold pieces.
The iguana bites you!
You closely miss the iguana. You grab the iguana.
You constrict the iguana, but do no damage.
The iguana bites you!
You thump the iguana!
Your weapon exudes an aura of protection.
The iguana is heavily wounded.
You constrict the iguana. The iguana bites you!
* * * LOW HITPOINT WARNING * * *
The iguana bites you.
You die... #.###################### #.$...lh................ ########################

You could see an iguana.

Vanquished Creatures
  A scorpion (D:3)
  An orc priest (D:3)
  4 adders
  A dart slug (D:1)
  7 orcs (D:3)
  3 ball pythons
  8 bats
  4 endoplasms
  2 giant cockroaches
  3 goblins
  3 hobgoblins (D:1)
  4 quokkas
  3 frilled lizards
  2 kobolds
  4 rats
50 creatures vanquished.

Notes
Turn   | Place    | Note
-------+----------+-------------------------------------------
     0 | D:1      | Dorkslayer the Octopode Shapeshifter began the quest for
                  | the Orb.
     0 | D:1      | Reached XP level 1. HP: 13/13 MP: 1/1
    55 | D:1      | Reached XP level 2. HP: 18/18 MP: 2/2
   570 | D:2      | Reached XP level 3. HP: 11/23 MP: 3/3
   648 | D:2      | Found Riegibam's Jewellery Boutique.
  1055 | D:2      | Found a shimmering altar of Xom.
  1166 | D:2      | Reached skill level 4 in Unarmed Combat
  1169 | D:2      | Reached XP level 4. HP: 18/28 MP: 4/4
  1291 | D:3      | Reached skill level 1 in Stealth
  1503 | D:3      | Noticed a scorpion
  1509 | D:3      | Killed a scorpion
  1510 | D:3      | Reached XP level 5. HP: 34/34 MP: 5/5
  1621 | D:3      | Found Fufuer's Antique Weapon Emporium.
  1915 | D:3      | Found a bloodstained altar of Trog.
  1921 | D:3      | Reached skill level 1 in Maces & Flails
  2095 | D:3      | HP: 1/34 [iguana (11)]
  2095 | D:3      | Slain by an iguana

Illustrated notes

Levels and vault maps discovered:
D:1:      psy_arrival_terrarium, layout_basic
D:2:      layout_rooms, basic_altar, serial_shops,
          nicolae_shop_advertising_works [nicolae_subvault_shop_adworks]
D:3:      layout_basic, trog_butcher_becter, serial_shops, shop

Skill      XL: |  1  2  3  4  5 |
---------------+----------------+-----
Unarmed Combat | 4 |  4.6
Stealth        | 1 |  1.9
Dodging        | 3 |  3.1
Maces & Flails | 1 |  1.0
Fighting       | |  1.9
Shapeshifting  | |  3.2

Action                     |  1- 3 |  4- 6 || total
---------------------------+-------+-------++-------
  Melee: Unarmed           |    64 |    10 ||    74
         Constrict         |    18 |    11 ||    29
         Tentacles         |    12 |     6 ||    18
         Punch             |     2 |       ||     2
         Flail             |       |    25 ||    25
  Throw: Boomerang         |       |     2 ||     2
    Use: Scroll            |     3 |       ||     3
   Stab: Sleeping          |     4 |     3 ||     7
 Armour: Skin              |    37 |    19 ||    56
  Dodge: Dodged            |    56 |    18 ||    74

Table legend: (Time is in decaauts)
 A = Elapsed time spent in this place.
 B = Non-inter-level travel time spent in this place.
 C = Inter-level travel time spent in this place.
 D = Time resting spent in this place.
 E = Time spent auto-exploring this place.
 F = Levels seen in this place.
 G = Mean time per level.
                   A        B        C        D        E       F      G
               +--------+--------+--------+--------+--------+-----+--------+
         Total |   2098 |   2098 |      0 |      0 |   1468 |   3 |  699.3 |
       Dungeon |   2098 |   2098 |      0 |      0 |   1468 |   3 |  699.3 |
               +--------+--------+--------+--------+--------+-----+--------+

Top non-repeatable levels by time:
     D:3: 828 daAuts
     D:2: 676 daAuts
     D:1: 593 daAuts
